 Dungeon Crawl Stone Soup version 0.23.2-33-g5129a83184 (webtiles) character file.

Game seed: 14652389896674413732

2699 Destapler the Grappler (level 9, -1/84 HPs)
             Began as a Troll Chaos Knight on July 27, 2019.
             Was a Plaything of Xom.
             Killed by divine providence
             ... invoked by a smoke demon
              (12 damage)
             ... on level 1 of the Abyss on July 28, 2019.
             The game lasted 00:28:55 (4859 turns).

Destapler the Grappler (Troll Chaos Knight)         Turns: 4859, Time: 00:28:58

Health: -1/84      AC: 11    Str: 24    XL:     9   Next: 38%
Magic:  8/9        EV: 15    Int:  8    God:    Xom [*.....]
Gold:   466        SH:  0    Dex: 15    Spells: 8/8 levels left

rFire    . . .     SeeInvis .     - Unarmed
rCold    . . .     Gourm    +   (no shield)
rNeg     . . .     Faith    .   a - +2 robe
rPois    .         Spirit   .   (helmet restricted)
rElec    .         Reflect  .   x - +2 cloak
rCorr    .         Harm     .   (gloves unavailable)
MR       .....     Clarity  +   (boots unavailable)
Stlth    +.........             (no amulet)
HPRegen  0.64/turn              q - ring of attention
MPRegen  0.11/turn              e - +3 ring of dexterity

@: about to teleport, berserk cooldown, slowed, very slow
A: large, unfitting armour, beak, claws 3, repulsion field 1, agile 1, clarity,
fast metabolism 3, gourmand, regeneration 1, shaggy fur 1, tough skin 3
a: Renounce Religion


You were on level 1 of the Abyss.
You worshipped Xom.
You were a special plaything of Xom.
You were very full.

You visited 1 branch of the dungeon, and saw 7 of its levels.
You visited the Abyss 1 time.

You collected 466 gold pieces.

Inventory:

Missiles
 d - 193 stones (quivered)
 l - 4 javelins
 D - 2 throwing nets
 F - 5 large rocks
Armour
 a - a +2 robe (worn)
 j - a scarf of cloud immunity
 x - a +2 cloak (worn)
Jewellery
 e - a +3 ring of dexterity (right claw)
 q - a ring of attention (left claw)
 t - an uncursed ring of fire
Wands
 E - a wand of scattershot (4)
Scrolls
 c - 6 scrolls of identify
 g - 3 scrolls of amnesia {unknown}
 h - 3 scrolls of enchant weapon {unknown}
 i - 3 scrolls of fog {unknown}
 k - 6 scrolls of teleportation
 v - 5 scrolls of remove curse
 y - a scroll of random uselessness {unknown}
 A - a scroll of magic mapping
Potions
 m - 2 potions of heal wounds
 n - 2 potions of degeneration {unknown}
 o - 5 potions of curing {unknown}
 p - a potion of cancellation
 r - a potion of experience {unknown}
 s - a potion of might {unknown}
 u - 4 potions of haste {unknown}
 w - 2 potions of magic {unknown}
 B - a potion of mutation {unknown}
 C - 4 potions of brilliance {unknown}
Comestibles
 b - 19 rations
 f - 7 chunks of flesh


   Skills:
 + Level 4.3 Fighting
 + Level 0.0 Armour
 - Level 5.2 Dodging
 - Level 0.4 Stealth
 + Level 10.3 Unarmed Combat
 - Level 2.5 Evocations


You had 8 spell levels left.
You didn't know any spells.
Your spell library was empty.

Dungeon Overview and Level Annotations

Branches:
Dungeon (7/15)             Temple (0/1) D:7

Altars:
Cheibriados
Dithmenos
Fedhas
Kikubaaqudgha
Makhleb
Nemelex Xobeh
Okawaru
Qazlal
Ru
Trog
Xom
The Shining One


Innate Abilities, Weirdness & Mutations

You are too large for most types of armour.
You have claws for hands.
Your metabolism is lightning-fast.
You like to eat raw meat.
Your natural rate of healing is unusually fast.
You are covered in fur. (AC +1)
You have extremely tough skin. (AC +3)
You have a beak for a mouth.
You are surrounded by a mild repulsion field. (EV +2)
You are agile. (Dex +2)
You possess an exceptional clarity of mind.


Message History

[a stone wall.]
You feel a strong urge to attack something.
You are no longer berserk.
You are exhausted.
You feel yourself slow down.
A flying skull comes into view.
The large abomination misses you.
A small abomination comes into view.
A flying skull comes into view.
The large abomination hits you!!
* * * LOW HITPOINT WARNING * * *
The small abomination moves out of view.
Found 17 stones.
As you read the scroll of teleportation, it crumbles to dust.
You feel strangely unstable.
You feel the power of the Abyss delaying your translocation!
The flying skull gives a hideous shriek!
The smoke demon gestures at you. Something smites you!
You die...
Xom snickers!

# . # ###.#..... .
.....## #.##...# # ..
..# #......###..#
..###..#.##..#x....
.##. . ..##.###
##..#.#..:.. . #X
...§x.#3###§#..#.. .#..
#.#.....#.##(......
.##...####..##3X#.....#
#..5# .#.....###@...#
.. ###z #..#......##
#3.# .#..z..##.##...#
.. # ...#.##.#. ......
...# .#.. ... #..#. # .
. .. #.... ### . . ..
... #.. . ...# ...


You could see a large abomination, 2 smoke demons and a flying skull.

Vanquished Creatures
  A thrashing horror (Abyss:1)
  A sky beast (D:6)
  An ogre (D:6)
  2 eyes of draining (D:4)
  An ice beast (D:6)
  A centaur (D:7)
  A big kobold (D:2)
  3 bullfrogs (D:6)
  2 scorpions (D:5)
  A centaur zombie (D:6)
  2 crimson imps
  A bullfrog zombie (D:5)
  A quasit (D:5)
  A jelly (D:6)
  7 orc priests
  5 hounds
  5 orc wizards
  2 centaur skeletons
  5 worker ants
  Terence (D:3)
  A howler monkey skeleton (D:6)
  4 adders
  6 gnolls (D:7)
  2 oozes
  An adder skeleton (D:5)
  3 adder zombies
  2 worms (D:2)
  3 dart slugs
  6 leopard geckos
  15 orcs
  9 bats
  5 goblins
  6 hobgoblins
  9 jackals
  5 quokkas
  A ball python (D:2)
  4 frilled lizards
  A goblin zombie (D:5)
  2 hobgoblin zombies (D:5)
  A jackal skeleton (D:3)
  8 kobolds
  A kobold skeleton (D:5)
  2 orc zombies (D:5)
  12 rats
153 creatures vanquished.

Vanquished Creatures (collateral kills)
  A scorpion (D:7)
  A gnoll shaman (D:7)
  4 gnolls (D:7)
  2 jackals (D:7)
8 creatures vanquished.

Vanquished Creatures (others)
  A fire vortex (D:6)
1 creature vanquished.

Grand Total: 162 creatures vanquished

Notes
Turn   | Place    | Note
-------+----------+-------------------------------------------
     0 | D:1      | Destapler the Troll Chaos Knight began the quest for the
                  | Orb.
     0 | D:1      | Reached XP level 1. HP: 22/22 MP: 0/0
    50 | D:1      | Reached XP level 2. HP: 29/29 MP: 1/1
   620 | D:2      | XOM: divination: detect creatures
   631 | D:2      | Reached XP level 3. HP: 36/36 MP: 2/2
   785 | D:2      | Reached skill level 4 in Unarmed Combat
   849 | D:2      | Found a burning altar of Makhleb.
   915 | D:2      | Found a sacrificial altar of Ru.
  1039 | D:2      | Reached XP level 4. HP: 36/44 MP: 3/3
  1083 | D:2      | XOM: harmless Air miscast
  1164 | D:2      | XOM: divination: detect items
  1309 | D:3      | Noticed Terence
  1314 | D:3      | Killed Terence
  1419 | D:3      | Noticed a big kobold
  1425 | D:2      | XOM: harmless Erth miscast
  1427 | D:2      | Killed a big kobold
  1427 | D:2      | Reached skill level 5 in Unarmed Combat
  1427 | D:2      | Reached XP level 5. HP: 45/52 MP: 4/4
  1606 | D:3      | XOM: divination: detect items
  1667 | D:3      | XOM: harmless Air miscast
  1710 | D:3      | XOM: god gift: runed cloak {god gift}
  1858 | D:3      | XOM: give mutations
  1858 | D:3      | Gained mutation: You are agile. (Dex +2) [Xom's mischief]
  1858 | D:3      | Gained mutation: You have a beak for a mouth. [Xom's
                  | mischief]
  1939 | D:3      | XOM: noise
  1989 | D:3      | Found a snail-covered altar of Cheibriados.
  2270 | D:4      | XOM: give mutations
  2270 | D:4      | Gained mutation: You are surrounded by a mild repulsion
                  | field. (EV +2) [Xom's grace]
  2270 | D:4      | Gained mutation: You possess an exceptional clarity of
                  | mind. [Xom's grace]
  2374 | D:4      | Reached XP level 6. HP: 55/61 MP: 5/5
  2393 | D:4      | Found a bloodstained altar of Trog.
  2402 | D:4      | Reached skill level 6 in Unarmed Combat
  2509 | D:4      | Found an ornate altar of the Wu Jian Council.
  2511 | D:4      | Found a blossoming altar of Fedhas.
  2511 | D:4      | Found an ancient bone altar of Kikubaaqudgha.
  2516 | D:4      | Reached XP level 7. HP: 46/67 MP: 6/6
  2596 | D:4      | Found a shimmering altar of Xom.
  2596 | D:4      | Found a shimmering altar of Xom.
  2596 | D:4      | Found a stormy altar of Qazlal.
  2720 | D:4      | XOM is BORED!
  2720 | D:4      | XOM: stat loss: -2 Int (6/8)
  2887 | D:5      | Entered Level 5 of the Dungeon
  2915 | D:4      | XOM: harmless Erth miscast
  2945 | D:5      | XOM: fog
  2954 | D:4      | Reached skill level 7 in Unarmed Combat
  3070 | D:5      | Found a transporter.
  3070 | D:5      | XOM: potion effect (invisibility)
  3089 | D:5      | Found a transporter.
  3097 | D:5      | Found a shadowy altar of Dithmenos.
  3122 | D:5      | Found a glowing golden altar of the Shining One.
  3222 | D:5      | XOM: noise
  3410 | D:5      | Found an iron altar of Okawaru.
  3432 | D:5      | XOM: summons 3 hostile demons
  3475 | D:5      | Reached skill level 8 in Unarmed Combat
  3585 | D:5      | Found an ancient bone altar of Kikubaaqudgha.
  3685 | D:5      | Reached XP level 8. HP: 75/75 MP: 7/7
  3879 | D:6      | XOM: 1-stop teleportation journey
  3888 | D:6      | Reached skill level 9 in Unarmed Combat
  3926 | D:6      | XOM: mild Chrm miscast
  4082 | D:6      | XOM: mild Fire miscast
  4116 | D:6      | Found a stormy altar of Qazlal.
  4362 | D:6      | Reached skill level 10 in Unarmed Combat
  4400 | D:6      | XOM: harmless Fire miscast
  4673 | D:7      | Found a sparkling altar of Nemelex Xobeh.
  4696 | D:7      | Reached XP level 9. HP: 77/84 MP: 8/8
  4698 | D:7      | Reached skill level 1 in Evocations
  4738 | D:7      | XOM: medium Tloc miscast
  4738 | D:7      | Cast into level 1 of the Abyss (the capriciousness of Xom)
  4738 | Abyss:1  | Found a corrupted altar of Lugonu.
  4756 | Abyss:1  | Noticed a large abomination
  4797 | Abyss:1  | XOM: summons 2 hostile demons
  4824 | Abyss:1  | Noticed a starcursed mass
  4827 | Abyss:1  | Noticed a smoke demon
  4828 | Abyss:1  | Noticed a hellwing
  4839 | Abyss:1  | Noticed a thrashing horror
  4839 | Abyss:1  | Noticed a smoke demon
  4853 | Abyss:1  | Killed a thrashing horror
  4853 | Abyss:1  | Reached skill level 5 in Dodging
  4859 | Abyss:1  | Killed from afar by a smoke demon

Skill      XL: |  1  2  3  4  5  6  7  8  9 |
---------------+----------------------------+-----
Dodging        | 2 3 4 5 |  5.2
Unarmed Combat | 4 5 6 8 10 | 10.3
Fighting       | 3 4 |  4.3
Evocations     | 2 |  2.5
Stealth        | |  0.4

Action                   |  1- 3 |  4- 6 |  7- 9 || total
-------------------------+-------+-------+-------++-------
Melee: Unarmed           |   101 |    92 |   203 ||   396
       Punch             |     1 |     2 |     8 ||    11
       Peck              |       |     4 |    36 ||    40
  Use: Scroll            |       |       |     6 ||     6
       Potion            |       |       |     2 ||     2
 Stab: Distracted        |       |       |     1 ||     1
  Eat: Chunk             |    15 |    14 |    20 ||    49
Armor: Robe              |    51 |    44 |    71 ||   166
Dodge: Dodged            |    72 |    60 |   124 ||   256
